 Dungeon Crawl Stone Soup version 0.24.1-14-gf8d2b509d9 (webtiles) character file.

Game seed: 17917451420300593079, levelgen mode: deterministic

88 Descartes the Sneak (level 4, 0/20 HPs)
             Began as a Felid Skald on June 1, 2020.
             Slain by a hobgoblin
             ... wielding a +0 club
             ... led by Robin
              (4 damage)
             ... on level 3 of the Dungeon.
             The game lasted 00:05:53 (3292 turns).

Descartes the Sneak (Felid Skald)                   Turns: 3292, Time: 00:05:54

Health: 0/20       AC:  1    Str:  8    XL:     4   Next: 29%
Magic:  8/8        EV: 19    Int: 14    God:
Gold:   166        SH:  0    Dex: 15    Spells: 2/7 levels left
                                        Lives:  0   Deaths: 1

rFire    . . .     SeeInvis +     - Unarmed
rCold    . . .     Gourm    .   (shield unavailable)
rNeg     . . .     Faith    .   (armour unavailable)
rPois    .         Spirit   .   (helmet unavailable)
rElec    .         Reflect  .   (cloak unavailable)
rCorr    .         Harm     .   (gloves unavailable)
MR       .....                  (boots unavailable)
Stlth    +++.......             (no amulet)
HPRegen  0.06/turn              (no ring)
MPRegen  0.11/turn              (no ring)

@: quick
A: very small, no armour, no weapons or thrown items, stealth, claws 1, fangs 3,
see invisible, carnivore, speed 1, shaggy fur 1, slow metabolism 1, sharp paws
a: no special abilities


You were on level 3 of the Dungeon.
You were completely stuffed.

You visited 1 branch of the dungeon, and saw 3 of its levels.

You collected 166 gold pieces.

Inventory:

Missiles
 d - 22 arrows
 e - 113 stones
Scrolls
 j - a scroll of teleportation {unknown}
 l - 2 scrolls of remove curse {unknown}
 n - a scroll of noise {unknown}
Potions
 a - a potion of cancellation
 f - a potion of agility
 h - a potion of curing
Comestibles
 b - 4 rations
 m - 5 chunks of flesh


   Skills:
 + Level 2.3 Fighting
 + Level 3.8 Dodging
 - Level 5.0 Stealth
 * Level 2.7 Unarmed Combat
 + Level 2.1 Spellcasting
 + Level 3.8 Charms


You had 2 spell levels left.
You knew the following spells:

 Your Spells              Type           Power        Failure   Level  Hunger
a - Infusion              Chrm           ##..         4%          1    #......
b - Shroud of Golubria    Chrm/Tloc      #.....       16%         2    ###....
c - Song of Slaying       Chrm           ##......     8%          2    ###....

Your spell library contained the following spells:

 Spells                   Type           Power        Failure   Level  Hunger
 Regeneration             Chrm/Necr      #.........   32%         3    ###....
 Spectral Weapon          Hex/Chrm       Unusable     N/A         3    N/A

Dungeon Overview and Level Annotations

Branches:
Dungeon (3/15)

Altars:
Wu Jian

Annotations:
D:2 Sigmund


Innate Abilities, Weirdness & Mutations

You cannot wear armour.
You are incapable of wielding weapons or throwing items.
Your paws allow you to move quietly. (Stealth)
You have sharp claws.
You have razor-sharp teeth.
You have supernaturally acute eyesight. (SInv)
You are carnivorous and can eat meat at any time.
You cover ground quickly.
You are covered in fur. (AC +1)
You have a slow metabolism.
Your sharp claws are effective at attacking unaware monsters.


Message History

Robin misses you.
You closely miss Robin.
Robin is almost dead.
Robin completely misses you.
You scratch Robin.
Robin is almost dead.
You scratch Robin but do no damage.
Robin is almost dead.
The hobgoblin no longer looks unusually strong.
Robin hits you with a +0 mace.
* * * LOW HITPOINT WARNING * * *
You barely miss Robin.
Robin is almost dead.
Robin hits you but does no damage.
You claw Robin!
You kill Robin!
You barely miss the hobgoblin.
You bite the hobgoblin, but do no damage.
The hobgoblin hits you with a +0 club.
You die...

#.#.# #.########.#
#.#.# #..........#
#.#.# #.########.#
#.รท.# #.#
#.######
###.#######.#
#.......
#.......>.#
#######.
########.## #. #.#
#. #@# #. #g# #.
#g# #. #g# #. #g#
#. #g# ##. #(# #..
#g# #.#
#.##############.#


You could see 3 hobgoblins and 3 goblins.

Vanquished Creatures
  Robin (D:3)
  4 adders
  2 oozes
  3 worms (D:2)
  A dart slug (D:1)
  3 leopard geckos
  2 ball pythons
  2 giant cockroaches
  11 goblins
  4 hobgoblins
  3 jackals (D:3)
  3 quokkas
  8 bats
  2 frilled lizards (D:2)
  7 kobolds
  6 rats
62 creatures vanquished.

Notes
Turn   | Place    | Note
-------+----------+-------------------------------------------
     0 | D:1      | Descartes the Felid Skald began the quest for the Orb.
     0 | D:1      | Reached XP level 1. HP: 9/9 MP: 4/4
    69 | D:1      | Reached skill level 1 in Stealth
   117 | D:1      | Reached skill level 2 in Stealth
   299 | D:1      | Reached XP level 2. HP: 7/13 MP: 6/6
   769 | D:1      | Reached skill level 3 in Stealth
  1186 | D:1      | Reached skill level 4 in Stealth
  1271 | D:2      | Reached XP level 3. HP: 7/16 MP: 7/7
  1994 | D:2      | Reached XP level 4. HP: 10/19 MP: 8/8
  2154 | D:2      | Noticed Sigmund
  2475 | D:1      | Learned a level 2 spell: Shroud of Golubria
  2478 | D:1      | Learned a level 2 spell: Song of Slaying
  2560 | D:2      | Slain by Sigmund
  2561 | D:2      | Reached XP level 3. HP: -2/16 MP: 7/7
  2561 | D:2      | Found a faded altar of an unknown god.
  2845 | D:3      | Found an ornate altar of the Wu Jian Council.
  3062 | D:3      | Reached XP level 4. HP: 17/19 MP: 8/8
  3083 | D:3      | Reached skill level 5 in Stealth
  3229 | D:3      | Noticed Robin
  3291 | D:3      | Killed Robin
  3292 | D:3      | Slain by a hobgoblin

Levels and vault maps discovered:
D:1:      tarquinn_simple_flora_water_c, layout_basic,
          hangedman_decor_diamond_cutter, minmay_tetromino_l2
D:2:      layout_loops_cross, chequers_ecumenical_altar_simple_redux,
          uniq_sigmund
D:3:      layout_loops_ring, lemuel_crystal_altar, uniq_robin

Skill      XL: |  1  2  3  4 |
---------------+-------------+-----
Stealth        | 2 4 5 |  5.0
Fighting       | |  2.3
Dodging        | |  3.8
Unarmed Combat | |  2.7
Spellcasting   | |  2.1
Charms         | |  3.8

Action                   |  1- 3 |  4- 6 || total
-------------------------+-------+-------++-------
Melee: Unarmed           |   165 |    50 ||   215
       Bite              |     8 |     4 ||    12
       Punch             |     2 |     1 ||     3
  Use: Scroll            |     6 |       ||     6
 Stab: Sleeping          |    15 |     2 ||    17
  Eat: Chunk             |    15 |     2 ||    17
Armor: Skin              |    14 |     1 ||    15
Dodge: Dodged            |   141 |    31 ||   172
